 Dungeon Crawl Stone Soup version 0.27.1-33-g824d729ab1 (webtiles) character file.

Game seed: 6115179245406366760

392 lordive the Sneak (level 6, -1/36 (38) HPs)
             Began as an Octopode Enchanter on Dec 26, 2021.
             Slain by an iguana (12 damage)
             ... on level 4 of the Dungeon.
             The game lasted 00:10:58 (3327 turns).

lordive the Sneak (Octopode Enchanter)              Turns: 3327, Time: 00:10:59

HP:   -1/36 (38)    AC:  1    Str:  7    XL:     6   Next: 80%
MP:   0/10          EV: 13    Int: 19    God:
Gold: 168           SH:  0    Dex: 13    Spells: 0/11 levels left

rFire    . . .     SeeInvis .   g - +4 dagger
rCold    . . .     Faith    .   (no shield)
rNeg     . . .     Spirit   .   (helmet restricted)
rPois    .         Reflect  .   (no amulet)
rElec    .         Harm     .   (no ring)
rCorr    .         Rampage  .   (no ring)
Will     .....                  (no ring)
Stlth    ++++......             (no ring)
HPRegen  0.12/turn              (no ring)
MPRegen  0.12/turn              (no ring)
                                (no ring)
                                (no ring)

@: very slightly contaminated, drained
A: almost no armour, amphibious, 8 rings, camouflage 1, gelatinous body 1,
(nimble swimmer 1), tentacles
a: no special abilities


You were on level 4 of the Dungeon.
You visited 1 branch of the dungeon, and saw 4 of its levels.
You also visited: Sewer.

You collected 168 gold pieces.

Inventory:

Hand Weapons
 a - a +1 dagger
 c - a +1 dagger of speed
 g - a +4 dagger (weapon)
Armour
 y - a +2 tower shield
Jewellery
 k - a ring of protection from cold
Wands
 r - a wand of acid (8)
Scrolls
 d - 2 scrolls of enchant weapon {unknown}
 e - a scroll of noise {unknown}
 f - 2 scrolls of blinking {unknown}
 j - 3 scrolls of teleportation {unknown}
 l - a scroll of summoning {unknown}
 n - a scroll of magic mapping {unknown}
 o - a scroll of fear {unknown}
 p - a scroll of brand weapon {unknown}
 s - 2 scrolls of identify {unknown}
 v - a scroll of fog {unknown}
 w - a scroll of amnesia {unknown}
Potions
 b - a potion of cancellation {unknown}
 h - 2 potions of mutation {unknown}
 i - 2 potions of haste {unknown}
 m - 2 potions of heal wounds {unknown}
 q - 2 potions of flight {unknown}
 t - a potion of attraction {unknown}
 u - a potion of invisibility {unknown}
 x - a potion of berserk rage {unknown}
 z - 2 potions of brilliance {unknown}


   Skills:
 * Level 1.4 Fighting
 * Level 3.0 Short Blades
 * Level 2.3 Dodging
 * Level 6.6 Stealth
 * Level 3.1 Spellcasting
 * Level 0.4 Conjurations
 * Level 3.7 Hexes
 * Level 0.4 Translocations
 * Level 0.3 Fire Magic
 + Level 1.1 Ice Magic


You couldn't memorise any spells.
You knew the following spells:

 Your Spells              Type           Power      Damage    Failure   Level
a - Corona                Hex            18%        N/A       3%          1
b - Ensorcelled Hibernat  Hex/Ice        24%        N/A       9%          2
c - Confusing Touch       Hex            17%        N/A       10%         3
d - Blink                 Tloc           N/A        N/A       19%         2
e - Conjure Flame         Conj/Fire      4%         6-21      36%         3

Your spell library contained the following spells:

 Spells                   Type           Power      Damage    Failure   Level
 Tukima's Dance           Hex            17%        N/A       10%         3
 Foxfire                  Conj/Fire      16%        2x1d4     13%         1
 Dazzling Flash           Conj/Hex       22%        N/A       19%         3
 Inner Flame              Hex/Fire       10%        N/A       21%         3
 Lesser Beckoning         Tloc           2%         N/A       36%         3
 Manifold Assault         Tloc           4%         N/A       98%         5


Dungeon Overview and Level Annotations

Branches:
Dungeon (4/15)              Sewer (visited)
 Temple: D:4-7

Altars:
Cheibriados
Kikubaaqudgha
Qazlal


Innate Abilities, Weirdness & Mutations

You cannot wear most types of armour.
You are amphibious.
You can wear up to eight rings at the same time.
Your skin changes colour to match your surroundings (Stealth+).
Your rubbery body absorbs attacks. (AC +1, EV +1)
((You are camouflaged near water. (Stealth+)))
You have tentacles for arms and can constrict up to eight enemies at once.


Message History

Your squeeze misses the necrophage.
The necrophage is lightly damaged.
You constrict the necrophage. The necrophage hits you!
You feel drained.
You hit the necrophage but do no damage.
The necrophage appears confused.
The necrophage is lightly damaged.
You constrict the necrophage, but do no damage.
The necrophage completely misses you.
You hit the necrophage.
The necrophage is moderately damaged.
You constrict the necrophage, but do no damage.
The necrophage misses you. The iguana bites you!
You hit the necrophage.
The necrophage is heavily damaged.
You constrict the necrophage. The iguana bites you.
* * * LOW HITPOINT WARNING * * *
The necrophage escapes!
Casting: Ensorcelled Hibernation (safe; 9% risk of failure)
Confirm with . or Enter, or press ? or * to list all spells.
Aiming: Ensorcelled Hibernation (safe; 9% risk of failure)
Press: ? - help, Shift-Dir - straight line, f - iguana
Aim: an iguana (chance to affect: 51%)
You miscast Ensorcelled Hibernation.
You are very lightly contaminated with residual magic.
Nothing appears to happen.
The iguana closely misses you.
Unknown command.
Casting: Ensorcelled Hibernation (safe; 9% risk of failure)
Confirm with . or Enter, or press ? or * to list all spells.
Aiming: Ensorcelled Hibernation (safe; 9% risk of failure)
Press: ? - help, Shift-Dir - straight line, f/p - iguana
Aim: an iguana (chance to affect: 51%)
The iguana resists with some effort.
The iguana misses you.
Casting: Ensorcelled Hibernation (safe; 9% risk of failure)
Confirm with . or Enter, or press ? or * to list all spells.
Aiming: Ensorcelled Hibernation (safe; 9% risk of failure)
Press: ? - help, Shift-Dir - straight line, f/p - iguana
Aim: an iguana (chance to affect: 51%)
You miscast Ensorcelled Hibernation.
Nothing appears to happen.
The iguana bites you!
You die...

##.............
#..............
...............
.............##
..............#
##..........## .....
.#.....†....... .......
.......l...# ... ....
#......@...# #..###....
..###..n...##
........#. .......#...#
#......##.
##.....#...###......##.
......##...##......##..
.......
#...............
.......
##.........##'##
....### #.........#≈≈≈#
### ##...##...'≈≈≈+


You could see a necrophage (confused) and an iguana.

Vanquished Creatures
  Purgy (Sewer)
  An ogre (D:3)
  A jelly (D:4)
  A hound (D:4)
  An iguana (D:4)
  A hound skeleton (D:4)
  A river rat (D:3)
  3 adders
  6 worms
  A dart slug (D:4)
  8 endoplasms
  5 giant cockroaches
  6 goblins
  8 hobgoblins
  4 jackals (D:4)
  6 kobolds
  A quokka (D:1)
  4 ball pythons
  7 bats
  2 frilled lizards (Sewer)
  6 rats
74 creatures vanquished.

Notes
Turn   | Place    | Note
-------+----------+-------------------------------------------
     0 | D:1      | lordive the Octopode Enchanter began the quest for the Orb.
     0 | D:1      | Reached XP level 1. HP: 11/11 MP: 3/3
   113 | D:1      | Reached XP level 2. HP: 11/17 MP: 5/5
   116 | D:1      | Learned a level 2 spell: Ensorcelled Hibernation
   808 | D:1      | Reached XP level 3. HP: 21/21 MP: 1/6
  1155 | D:2      | Found a faded altar of an unknown god.
  1569 | D:2      | Reached skill level 5 in Stealth
  1634 | D:2      | Learned a level 3 spell: Confusing Touch
  1810 | D:2      | Found an ancient bone altar of Kikubaaqudgha.
  1819 | D:2      | Reached XP level 4. HP: 27/27 MP: 7/7
  1915 | D:3      | Found a glowing drain.
  1921 | Sewer    | Entered a sewer
  2179 | Sewer    | Noticed Purgy
  2183 | Sewer    | Killed Purgy
  2184 | Sewer    | Reached skill level 1 in Fighting
  2184 | Sewer    | Reached XP level 5. HP: 30/33 MP: 5/8
  2262 | D:3      | Reached skill level 6 in Stealth
  2361 | D:3      | Noticed an ogre
  2370 | D:3      | Killed an ogre
  2371 | D:3      | Reached skill level 1 in Ice Magic
  2371 | D:3      | Reached XP level 6. HP: 38/38 MP: 1/10
  2499 | D:3      | Found a snail-covered altar of Cheibriados.
  2511 | D:3      | Learned a level 2 spell: Blink
  2515 | D:3      | Learned a level 3 spell: Conjure Flame
  2755 | D:3      | Found a stormy altar of Qazlal.
  3310 | D:4      | Noticed a necrophage
  3327 | D:4      | Slain by an iguana

Illustrated notes

Levels and vault maps discovered:
D:1:      dpeg_arrival_signposts, layout_basic, serial_curves, eino_curves_02,
          eino_curves_02
D:2:      layout_rooms, basic_altar, ebering_ecumenical_altar_mist
D:3:      layout_rooms, mainiacjoe_overflow_alcove_1, slow_altar_1,
          lightli_sewer_entry_pipes, serial_rivers,
          chequers_serial_rivers_micro_c, chequers_serial_rivers_small_b,
          chequers_serial_rivers_small_b, chequers_serial_rivers_large_a,
          chequers_serial_rivers_micro_e, chequers_serial_rivers_room_a
D:4:      layout_cave_pools, mainiacjoe_overflow_six_doors_small,
          minmay_liquid_box, uniq_pikel

Skill      XL: |  1  2  3  4  5  6 |
---------------+-------------------+-----
Stealth        | 5 6 |  6.6
Short Blades   | 2 3 |  3.0
Fighting       | 1 |  1.4
Spellcasting   | 3 |  3.1
Ice Magic      | 1 |  1.1
Dodging        | |  2.3
Conjurations   | |  0.4
Hexes          | |  3.7
Translocations | |  0.4
Fire Magic     | |  0.3

Action                   |  1- 3 |  4- 6 || total
-------------------------+-------+-------++-------
Melee: Dagger            |    55 |    65 ||   120
       Constrict         |     8 |    10 ||    18
       Tentacles         |     8 |     5 ||    13
 Cast: Ensorcelled Hiber |    21 |    26 ||    47
       Corona            |       |     2 ||     2
       Confusing Touch   |       |     1 ||     1
 Stab: Sleeping          |    22 |    27 ||    49
Armor: Skin              |     7 |     1 ||     8
Dodge: Dodged            |    41 |    34 ||    75
